 Dungeon Crawl Stone Soup version 0.19-a0-1490-g5dd3618 (webtiles) character file.

245 Amnesiac the Insei (level 6, -1/39 HPs)
             Began as an Octopode Transmuter on Sept 8, 2016.
             Was an Initiate of Gozag.
             Slain by a gnoll
             ... wielding a +0 halberd
              (10 damage)
             ... on level 3 of the Dungeon.
             The game lasted 00:06:18 (3721 turns).

Amnesiac the Insei (Octopode Transmuter)            Turns: 3721, Time: 00:06:19

Health: -1/39      AC:  2    Str: 13    XL:     6   Next: 10%
Magic:  6/9        EV: 18    Int: 15    God:    Gozag
Gold:   405        SH:  0    Dex: 19    Spells: 3 memorised, 4 levels left

rFire  . . .     SeeInvis +       - Unarmed
rCold  . . .     Gourm    .     (shield currently unavailable)
rNeg   . . .     Faith    .     (helmet currently unavailable)
rPois  x         Spirit   .     (no amulet)
rElec  .         Dismiss  .     o - +3 ring of strength
rCorr  .         Reflect  .     n - ring of see invisible
MR     .....     Harm     .     t - -3 ring of evasion (curse)
Stlth  ++........               (no ring)
                                (no ring)
                                (no ring)
                                (no ring)
                                (no ring)

@: spider-form (expiring)
A: almost no armour, stealthy swim, (amphibious), 8 rings, (constrict 8),
(camouflage 0), (gelatinous body 0)
a: End Transformation, Potion Petition, Call Merchant, Bribe Branch, Renounce
Religion


You were on level 3 of the Dungeon.
You worshipped Gozag.
Gozag was aware of your devotion.
You were not hungry.
You were a venomous arachnid creature.
You visited 1 branch of the dungeon, and saw 4 of its levels.

You collected 446 gold pieces.
You paid 41 gold pieces to Gozag.

Inventory:

Hand Weapons
 k - a +1 short sword of venom
Missiles
 a - 31 arrows
Jewellery
 n - a ring of see invisible (right front leg)
 o - a +3 ring of strength (left front leg)
 t - a cursed -3 ring of evasion (on tentacle)
Wands
 h - a wand of iceblast (5/15)
 p - a wand of disintegration (24/24)
Scrolls
 d - a scroll of identify
 i - a scroll of fog
 l - 4 scrolls of teleportation
Potions
 e - a potion of haste {unknown}
 f - a potion of agility {unknown}
 g - 4 potions of curing {unknown}
 j - a potion of flight
 s - a potion of lignification
Books
 b - a book of Changes

   Spells                             Type                      Level
   a - Beastly Appendage              Transmutation                1
   b - Sticks to Snakes               Transmutation                2
   c - Spider Form                    Transmutation/Poison         3
   d - Ice Form                       Ice/Transmutation            4
   e - Blade Hands                    Transmutation                5
Comestibles
 c - 3 bread rations
 m - a beef jerky
 q - 2 royal jellies


   Skills:
 + Level 1.9 Fighting
 + Level 3.0 Dodging
 * Level 4.2 Unarmed Combat
 + Level 2.5 Spellcasting
 * Level 4.0 Transmutations


You had 4 spell levels left.
You knew the following spells:

 Your Spells              Type           Power        Failure   Level  Hunger
a - Beastly Appendage     Tmut           ##....       14%         1    #......
d - Sticks to Snakes      Tmut           ##......     21%         2    ###....
e - Spider Form           Tmut/Pois      #.........   52%         3    ###....


Dungeon Overview and Level Annotations

Branches:
Dungeon (4/15)
 Temple: D:4-7

Altars:
Gozag
Sif Muna

Annotations:
D:4 Edmund


Innate Abilities, Weirdness & Mutations

You cannot wear most types of armour.
You are very stealthy in the water.
((You are amphibious.))
You can wear up to eight rings at the same time.
((You can use your tentacles to constrict eight enemies at once.))
((Your skin changes colour to match your surroundings (Stealth+).))
((Your rubbery body absorbs attacks. (AC +1, EV +1)))


Message History

Confirm with . or Enter, or press ? or * to list all spells.
You turn into a venomous arachnid creature.
The gnoll shouts!
The gnoll hits you from afar with a halberd!
The gnoll closely misses you.
You hit the gnoll.
The gnoll is poisoned.
The gnoll is lightly wounded.
You hit the gnoll.
The gnoll is moderately wounded.
The gnoll hits you with a halberd!!
* * * LOW HITPOINT WARNING * * *
You hit the gnoll but do no damage.
The gnoll looks as sick as possible!
The gnoll is moderately wounded.
The gnoll misses you.
You hit the gnoll.
The gnoll is heavily wounded.
Your transformation is almost over.
The gnoll hits you with a halberd!
You die...
Your body crumbles into a pile of gold.

≈≈≈≈≈≈≈≈≈≈≈≈≈≈≈≈....#
≈≈≈≈≈≈≈≈≈#####≈≈....#
.........#gg.#≈≈....#
##########...#≈≈....#
#'###≈≈....#
#.#.≈≈≈....#
#.≈≈≈....# #.≈≈≈....#
#.≈≈≈s...# #.≈≈g..P.#
#.≈≈≈....# #.≈≈≈....#
#.≈≈≈....# ###≈≈....#
##### #≈≈P...# .....
#≈≈....# ≈≈≈≈≈


You could see a gnoll.

Vanquished Creatures
  2 orc wizards (D:3)
  3 gnolls (D:3)
  6 adders
  An ooze (D:2)
  2 worms
  2 dart slugs
  A giant gecko (D:2)
  3 orcs (D:3)
  3 ball pythons
  5 giant cockroaches
  5 goblins
  7 hobgoblins
  19 jackals
  7 bats
  6 giant newts
  8 kobolds
  5 rats
85 creatures vanquished.

Notes
Turn   | Place    | Note
-------+----------+-------------------------------------------
     0 | D:1      | Amnesiac the Octopode Transmuter began the quest for the Orb.
     0 | D:1      | Reached XP level 1. HP: 13/13 MP: 3/3
   196 | D:1      | Reached XP level 2. HP: 5/18 MP: 3/5
   217 | D:1      | Learned a level 2 spell: Sticks to Snakes
   675 | D:2      | Reached XP level 3. HP: 16/23 MP: 6/6
   692 | D:2      | Learned a level 3 spell: Spider Form
  1208 | D:4      | Noticed Edmund
  1297 | D:4      | Found an opulent altar of Gozag.
  1303 | D:4      | Became a worshipper of Gozag Ym Sagoz the Greedy
  1366 | D:3      | Reached XP level 4. HP: 13/28 MP: 3/7
  2397 | D:2      | Found a deep blue altar of Sif Muna.
  2846 | D:2      | Reached XP level 5. HP: 33/33 MP: 8/8
  3440 | D:3      | Reached XP level 6. HP: 37/39 MP: 6/9
  3721 | D:3      | Slain by a gnoll

Vault maps used:
D:1:      roderic_crossed_star, serial_forest, infiniplex_forest_straight_2,
          infiniplex_forest_clump_small, infiniplex_forest_clump_medium,
          infiniplex_forest_lined_3_way, infiniplex_forest_lined_1
D:2:      minivault_26, lemuel_blue_sif_altar
D:3:      lemuel_castle_with_subvaults, st_stairs_6, grunt_ministairs_12,
          kennysheep_generic_room_13
D:4:      first_bread, grunt_gozag_statues, uniq_edmund, uniq_duvessa

Skill      XL: |  1  2  3  4  5 |
---------------+----------------+-----
Transmutations | 3 4 |  4.0
Unarmed Combat | 4 |  4.2
Dodging        | 3 |  3.0
Fighting       | |  1.9
Spellcasting   | |  2.5

Action                   |  1- 3 |  4- 6 || total
-------------------------+-------+-------++-------
Melee: Unarmed           |    76 |   133 ||   209
       Constrict         |    17 |    26 ||    43
       Kick              |     8 |       ||     8
       Tentacles         |    10 |    21 ||    31
       Punch             |     2 |     3 ||     5
 Cast: Beastly Appendage |     9 |       ||     9
       Sticks to Snakes  |     1 |       ||     1
       Spider Form       |     3 |     7 ||    10
  Use: Scroll            |     5 |     5 ||    10
 Stab: Sleeping          |     3 |     9 ||    12
  Eat: Chunk             |     2 |       ||     2
       Fruit             |       |     6 ||     6
       Pizza             |       |     2 ||     2
       Royal jelly       |       |     2 ||     2
Armor: Skin              |     7 |    10 ||    17
Dodge: Dodged            |    60 |    85 ||   145
